 Dungeon Crawl Stone Soup version 0.20.1-1-g8b1a95d (webtiles) character file.

43 Peloso the Skirmisher (level 3, -3/29 HPs)
             Began as a Demonspawn Fighter on Oct 24, 2017.
             Slain by a gnoll (6 damage)
             ... on level 1 of the Dungeon.
             The game lasted 00:05:03 (1129 turns).

Peloso the Skirmisher (Demonspawn Fighter)          Turns: 1129, Time: 00:05:10

Health: -3/29      AC: 13    Str: 22    XL:     3   Next: 37%
Magic:  3/3        EV:  7    Int:  9    God:
Gold:   55         SH:  9    Dex: 12    Spells: 2/2 levels left

rFire    . . .     SeeInvis .   a - +0 long sword
rCold    . . .     Gourm    .   c - +0 shield
rNeg     . . .     Faith    .   b - +0 scale mail
rPois    .         Spirit   .   (no helmet)
rElec    .         Reflect  .   (no cloak)
rCorr    .         Harm     .   (no gloves)
MR       .....                  e - +0 pair of boots
Stlth    ..........             (no amulet)
Regen    0.1/turn               (no ring)
MPRegen  0.1/turn               (no ring)

@: mighty, sanguine armour
A: sanguine armour 1
a: no special abilities


You were on level 1 of the Dungeon.
You were not hungry.

You visited 1 branch of the dungeon, and saw 2 of its levels.

You collected 55 gold pieces.

Inventory:

Hand Weapons
 a - a +0 long sword (weapon)
Armour
 b - a +0 scale mail (worn)
 c - a +0 shield (worn)
 e - a +0 pair of boots (worn)
Scrolls
 h - a scroll of identify {unknown}
 i - a scroll of teleportation {unknown}
 j - a scroll of recharging {unknown}
 m - a scroll of blinking {unknown}
Potions
 g - a potion of degeneration {unknown}
 k - a potion of magic {unknown}
 l - a potion of agility {unknown}
 n - 2 potions of resistance {unknown}
 o - a potion of haste {unknown}
Comestibles
 f - 2 bread rations
 p - 5 chunks of flesh
 q - 3 fruits


   Skills:
 + Level 3.1 Fighting
 + Level 2.5 Long Blades
 + Level 3.0 Armour
 + Level 3.1 Shields


You had 2 spell levels left.
You didn't know any spells.

Dungeon Overview and Level Annotations

Branches:
Dungeon (2/15)

Altars:


Innate Abilities, Weirdness & Mutations

When seriously injured, your bleeding wounds create armour. (AC +6)


Message History

The gnoll hits you but does no damage. You block the gnoll's attack.
There is a stone staircase leading up here.
The gnoll barely misses you. The gnoll hits you with a spear.
Your blood congeals into armour.
The gnoll hits you.
You climb upwards.
There is a stone staircase leading down here.
You feel very mighty all of a sudden. You block the gnoll's attack.
The gnoll hits you but does no damage. x2
You barely miss the gnoll. The gnoll hits you with a spear!
* * * LOW HITPOINT WARNING * * *
The gnoll hits you with a halberd.
* * * LOW HITPOINT WARNING * * *
The gnoll hits you but does no damage. You block the gnoll's attack.
You slash the gnoll!
The gnoll is severely wounded.
You block the gnoll's attack. The gnoll barely misses you.
You riposte.
You slash the gnoll!
The gnoll is heavily wounded.
You block the gnoll's attack. The gnoll hits you.
You die...

.# #.# #..##+### #
.###.##### ##.##.# #
...#...(.####..#.# #
##(#####.#.....#'### #
#.# ##'#.###.....# #
##.# #....# #.....# #
.#.# #....# #.....# #
)#.# #....# ##g...# #
.#.# #....#
#g@g.######### # .#.#
###### ##...........# #
...#
#########......####.# #
.###
#...........##.#..#.# .#
#......†....#...#.#.# .#
#...........###.#.#.# .#
#.................#.# .#
#..........###...##.# ##
#........#.#.)...)..####


You could see 3 gnolls.

Vanquished Creatures
  A gnoll (D:1)
  3 dart slugs (D:1)
  A giant cockroach (D:1)
  6 goblins
  2 hobgoblins (D:1)
  2 bats (D:1)
  2 frilled lizards (D:1)
  3 kobolds (D:1)
  13 rats
33 creatures vanquished.

Notes
Turn   | Place    | Note
-------+----------+-------------------------------------------
     0 | D:1      | Peloso the Demonspawn Fighter began the quest for the Orb.
     0 | D:1      | Reached XP level 1. HP: 18/18 MP: 1/1
     6 | D:1      | Noticed a hound
     6 | D:1      | Noticed a black bear
     6 | D:1      | Noticed a killer bee
     6 | D:1      | Noticed an anaconda
   186 | D:1      | Gained mutation: When seriously injured, your bleeding wounds create armour. (AC +6) [demonic ancestry]
   186 | D:1      | Reached XP level 2. HP: 12/24 MP: 2/2
   793 | D:1      | Reached XP level 3. HP: 29/29 MP: 3/3
  1129 | D:1      | Slain by a gnoll

Skill      XL: |  1  2  3 |
---------------+----------+-----
Long Blades    | 2 |  2.5
Armour         | 3 |  3.0
Shields        | 3 |  3.1
Fighting       | |  3.1

Action                   || total
-------------------------++-------
Melee: Long sword        ||    87
  Use: Potion            ||     1
  Eat: Chunk             ||     1
Armor: Scale mail        ||    38
Dodge: Dodged            ||    26
Block: Shield            ||    57
       Rpst.: Long sword ||     8
